 Dungeon Crawl Stone Soup version 0.32-a0-986-ga09f62fbf4 (webtiles) character file.

Game seed: 1837419671295584632

1463889 jamsaran the Planerender (level 27, 157/157 HPs)
             Began as a Tengu Summoner on Apr 21, 2024.
             Was an Initiate of Gozag.
             Escaped with the Orb
             ... and 3 runes!
             The game lasted 05:15:36 (91466 turns).

jamsaran the Planerender (Tengu Summoner)          Turns: 91466, Time: 05:15:37

Health: 157/157    AC: 15    Str: 15    XL:     27
Magic:  44/44      EV: 32    Int: 26    God:    Gozag
Gold:   5770       SH: 21    Dex: 23    Spells: 2/59 levels left

rFire   + + +        K - +7 morningstar (holy)
rCold   + . .        O - +5 kite shield {reflect}
rNeg    + + +        o - +0 ring mail of Dice, Bag, and Bottle {Regen+ Stlth+}
rPois   .            u - +2 hat of Bitterness {Rampage rF++ rN+++ Stlth-}
rElec   .            L - +0 cloak of Refuge {Rampage Regen+ Str+2}
rCorr   .            s - +3 pair of gauntlets of War {Slay+5}
SInv    +            (boots unavailable)
Will    +++..        i - amulet "Fedept" {RegenMP+ Str+3 Dex+3}
Stlth   ++           Z - ring "Wuse" {rF+ EV+5 Stlth+}
HPRegen 2.06/turn    a - ring "Danteg" {rC+ Will+ Dex+3 SInv}
MPRegen 0.69/turn

%: reflection, acrobat, rampage
@: flying
A: beak, talons 3, evasive flight, acrobatic, mutation resistance 1, MP-powered
wands
0: Orb of Zot
}: 3/15 runes: decaying, serpentine, slimy
a: Renounce Religion, Potion Petition, Call Merchant, Bribe Branch


You escaped.
You worshipped Gozag.
Gozag was greatly pleased with you.
You visited 12 branches of the dungeon, and saw 55 of its levels.
You also visited: Trove, Bailey, Gauntlet, Ice Cave and Desolation.

You collected 33764 gold pieces.
You spent 12891 gold pieces at shops.
You paid 15103 gold pieces to Gozag.

Inventory:

Hand Weapons
 b - a +5 eveningstar of freezing
 j - a +5 demon whip of electrocution
 I - the +1 mace "Xom's Respect" {freeze, rPois Str+3}
   (You bought it in a shop on level 2 of the Orcish Mines)

   Str+3:     It affects your strength (+3).
   rPois:     It protects you from poison.
 K - a +7 morningstar of holy wrath (weapon)
 U - the +8 flail of the Chewing Gods {speed, rCorr Str+3}
   (You found it on level 3 of the Depths)

   Str+3:     It affects your strength (+3).
   rCorr:     It protects you from acid and corrosion.
Armour
 o - the +0 ring mail of Dice, Bag, and Bottle (worn) {Regen+ Stlth+}
   (You found it on level 3 of the Dungeon)

   Regen+:    It increases your rate of health regeneration.
   Stlth+:    It makes you more stealthy.
 s - the +3 pair of gauntlets of War (worn) {Slay+5}
   (You found it in a treasure trove)

   Slay+5:    It affects your accuracy & damage with ranged weapons and melee
   (+5).
 u - the +2 hat of Bitterness (worn) {Rampage rF++ rN+++ Stlth-}
   (You found it in a treasure trove)

   rF++:      It greatly protects you from fire.
   rN+++:     It renders you almost immune to negative energy.
   Rampage:   It bestows one free step when moving towards enemies.
   Stlth-:    It makes you less stealthy.
 z - a +2 pair of gloves of dexterity
 L - the +0 cloak of Refuge (worn) {Rampage Regen+ Str+2}
   (You bought it in a shop on level 6 of the Dungeon)

   Str+2:     It affects your strength (+2).
   Regen+:    It increases your rate of health regeneration.
   Rampage:   It bestows one free step when moving towards enemies.
 O - a +5 kite shield of reflection (worn)
 Y - +0 ice dragon scales
Jewellery
 a - the ring "Danteg" (right hand) {rC+ Will+ Dex+3 SInv}
   (You acquired it on level 11 of the Dungeon)

   [ring of see invisible]

   Dex+3:     It affects your dexterity (+3).
   rC+:       It protects you from cold.
   Will+:     It increases your willpower.
   SInv:      It lets you see invisible.
 i - the amulet "Fedept" (around neck) {RegenMP+ Str+3 Dex+3}
   (You found it in a Gauntlet)

   [amulet of magic regeneration]

   It increases your rate of magic regeneration.
   Str+3:     It affects your strength (+3).
   Dex+3:     It affects your dexterity (+3).
   RegenMP+:  It increases your rate of magic regeneration.
 w - a ring of resist corrosion
 y - the ring of Zeqijuo {rC+ Int+3 Slay+3}
   (You found it in an ice cave)

   [ring of protection from cold]

   Int+3:     It affects your intelligence (+3).
   Slay+3:    It affects your accuracy & damage with ranged weapons and melee
   (+3).
   rC+:       It protects you from cold.
 A - a ring of protection from cold
 G - a ring of positive energy
 M - the ring of Degedgh {+Blink rC+ rN+ Str+6 SInv}
   (You took it off a tengu warrior on level 3 of the Depths)

   [ring of strength]

   Str+6:     It affects your strength (+6).
   rC+:       It protects you from cold.
   rN+:       It protects you from negative energy.
   SInv:      It lets you see invisible.
   +Blink:    It lets you blink.
 S - a ring of wizardry
 Z - the ring "Wuse" (left hand) {rF+ EV+5 Stlth+}
   (You bought it in a shop on level 4 of the Snake Pit)

   [ring of evasion]

   EV+5:      It affects your evasion (+5).
   rF+:       It protects you from fire.
   Stlth+:    It makes you more stealthy.
Wands
 g - a wand of paralysis (11)
 h - a wand of polymorph (24)
 l - a wand of quicksilver (9)
 n - a wand of warping (28)
 N - a wand of mindburst (18)
 T - a wand of flame (24)
Scrolls
 c - a scroll of immolation
 e - 5 scrolls of enchant armour
 p - 3 scrolls of fear
 v - 11 scrolls of fog
 B - 3 scrolls of amnesia
 C - 4 scrolls of revelation
 E - 4 scrolls of butterflies
 F - 2 scrolls of poison
 H - 4 scrolls of brand weapon
 Q - 3 scrolls of silence
Potions
 f - 8 potions of enlightenment
 k - 6 potions of berserk rage
 q - 8 potions of haste
 r - 6 potions of resistance
 t - 5 potions of invisibility
 x - 8 potions of brilliance
 D - a potion of might
 J - 15 potions of curing
 P - 3 potions of lignification
 V - 4 potions of heal wounds
 W - 2 potions of mutation
 X - 3 potions of magic
Miscellaneous
 d - a Gell's gravitambourine (2/2)
 m - a tin of tremorstones (2/2)


   Skills:
 - Level 12.0 Fighting
 - Level 12.0 Maces & Flails
 - Level 12.0 Armour
 - Level 18.0 Dodging
 - Level 12.0 Stealth
 + Level 17.4 Shields
 - Level 16.5 Spellcasting
 - Level 9.0 Conjurations
 O Level 27 Summonings
 - Level 12.0 Translocations
 - Level 3.0 Ice Magic
 - Level 24.0 Air Magic
 - Level 3.0 Alchemy
 - Level 3.0 Evocations


You had 2 spell levels left.
You knew the following spells:

 Your Spells              Type           Power      Damage    Failure   Level
a - Freezing Cloud        Conj/Ice/Air   35%        6-21      1%          5
c - Summon Lightning Spi  Summ/Air       100%       N/A       0%          4
d - Summon Cactus Giant   Summ           52%        N/A       0%          6
g - Monstrous Menagerie   Summ           52%        N/A       1%          7
h - Summon Hydra          Summ           52%        N/A       1%          7
s - Swiftness             Air            98%        N/A       0%          3
x - Blink                 Tloc           100%       N/A       1%          2
C - Maxwell's Capacitive  Air            49%        ∞         2%          8
G - Malign Gateway        Summ/Tloc      44%        N/A       1%          7
H - Summon Horrible Thin  Summ           52%        N/A       1%          8

Your spell library contained the following spells:

 Spells                   Type           Power      Damage    Failure   Level
 Shock                    Conj/Air       100%       1d9       0%          1
 Summon Small Mammal      Summ           100%       N/A       0%          1
 Call Imp                 Summ           100%       N/A       0%          2
 Static Discharge         Conj/Air       100%       3-8/arc   0%          2
 Apportation              Tloc           100%       N/A       1%          1
 Foxfire                  Conj/Fire      100%       2x1d9     1%          1
 Freeze                   Ice            100%       1d10      1%          1
 Cigotuvi's Dreadful Rot  Necr/Alch/Air  100%       N/A       1%          2
 Lesser Beckoning         Tloc           100%       N/A       1%          2
 Mercury Vapours          Alch/Air       100%       N/A       1%          2
 Momentum Strike          Conj/Tloc      100%       3d10      1%          2
 Searing Ray              Conj           100%       2d8       1%          2
 Ensorcelled Hibernation  Hex/Ice        58%        N/A       4%          2
 Sandblast                Erth           42%        2d11      6%          1
 Slow                     Hex            84%        N/A       6%          1
 Scorch                   Fire           42%        2d6       10%         2
 Sublimation of Blood     Necr           21%        N/A       10%         2
 Call Canine Familiar     Summ           100%       N/A       0%          3
 Airstrike                Air            49%        2d(7-23)  0%          4
 Hailstorm                Conj/Ice       51%        3d10      1%          3
 Maxwell's Portable Pile  Tloc           71%        2d(12-34) 1%          3
 Mephitic Cloud           Conj/Alch/Air  71%        N/A       1%          3
 Summon Ice Beast         Ice/Summ       78%        N/A       1%          3
 Teleport Other           Tloc           71%        N/A       1%          3
 Volatile Blastmotes      Fire/Tloc      100%       2d18      1%          3
 Iskenderun's Mystic Bla  Conj/Tloc      66%        2d14      (+2d71%     4
 Passage of Golubria      Tloc           71%        N/A       1%          4
 Summon Blazeheart Golem  Fire/Summ      75%        N/A       1%          4
 Vhi's Electric Charge    Tloc/Air       100%       N/A       1%          4
 Arcjolt                  Conj/Air       41%        1d51      1%          5
 Silence                  Hex/Air        35%        N/A       1%          5
 Summon Forest            Summ/Tloc      44%        N/A       1%          5
 Summon Mana Viper        Hex/Summ       75%        N/A       1%          5
 Conjure Ball Lightning   Conj/Air       41%        3x3d13    1%          6
 Dazzling Flash           Conj/Hex       88%        N/A       3%          3
 Stone Arrow              Conj/Erth      88%        3d12      3%          3
 Spellforged Servitor     Conj/Summ      43%        N/A       3%          7
 Dimensional Bullseye     Hex/Tloc       25%        N/A       5%          4
 Fulminant Prism          Conj/Alch      25%        3d14      5%          4
 Dispersal                Tloc           35%        N/A       7%          6
 Gell's Gavotte           Tloc           35%        2d(27-40) 7%          6
 Plasma Beam              Fire/Air       35%        2x1d49    7%          6
 Flame Wave               Conj/Fire      44%        2d11      10%         4
 Dragon's Call            Summ           52%        N/A       10%         9
 Irradiate                Conj/Alch      25%        3d20      14%         5
 Confusing Touch          Hex            21%        N/A       19%         3
 Fugue of the Fallen      Necr           21%        N/A       19%         3
 Inner Flame              Hex/Fire       21%        N/A       19%         3
 Passwall                 Erth           21%        N/A       19%         3
 Tukima's Dance           Hex            21%        N/A       19%         3
 Vampiric Draining        Necr           21%        2d7       19%         3
 Fireball                 Conj/Fire      22%        3d10      26%         5
 Ignite Poison            Fire/Alch      29%        N/A       32%         4
 Leda's Liquefaction      Alch/Erth      14%        N/A       32%         4
 Sticky Flame             Fire/Alch      29%        2d7       32%         4
 Magnavolt                Erth/Air       35%        3d17      36%         7
 Alistair's Intoxication  Alch           24%        N/A       45%         5
 Anguish                  Hex/Necr       10%        N/A       52%         4
 Cause Fear               Hex            10%        N/A       52%         4
 Dispel Undead            Necr           21%        3d11      52%         4
 Metabolic Englaciation   Hex/Ice        14%        N/A       67%         5
 Orb of Destruction       Conj           31%        9d10      78%         7
 Starburst                Conj/Fire      22%        6d7       83%         6
 Borgnjor's Vile Clutch   Necr/Erth      10%        N/A       86%         5
 Eringya's Noxious Bog    Alch           18%        4d6       95%         6
 Sculpt Simulacrum        Ice/Alch       18%        N/A       95%         6
 Disjunction              Tloc           35%        N/A       96%         8
 Permafrost Eruption      Ice/Erth       14%        2x4d4     99%         6
 Death Channel            Necr           10%        N/A       100%        6
 Ozocubu's Refrigeration  Ice            18%        4d11      100%        7
 Rimeblight               Ice/Necr       14%        2d5       (prima100%   7
 Seismic Cannonade        Alch/Erth      14%        6d7       100%        7
 Discord                  Hex            10%        N/A       100%        8
 Fulsome Fusillade        Conj/Alch      25%        (3-5)d9   100%        8
 Infestation              Necr           10%        N/A       100%        8
 Lehudib's Crystal Spear  Conj/Erth      22%        10d6      100%        8
 Polar Vortex             Ice            18%        12d2*     100%        9


Dungeon Overview and Level Annotations

Branches:
Dungeon (15/15)            Temple (1/1) D:4            Lair (5/5) D:9
  Swamp (4/4) Lair:2        Snake (4/4) Lair:2        Slime (5/5) Lair:4
    Orc (2/2) D:10            Elf (3/3) Orc:2        Vaults (4/5) D:14
  Crypt (3/3) Vaults:3       Tomb (0/3) Crypt:3      Depths (4/4) D:15
    Zot (5/5) Depths:4     Bailey (visited)           IceCv (visited)
Desolation (visited)      Gauntlet (visited)

Altars:
Ashenzari
Cheibriados
Dithmenos
Elyvilon
Fedhas
Gozag
Hepliaklqana
Kikubaaqudgha
Makhleb
Nemelex Xobeh
Okawaru
Qazlal
Ru
Sif Muna
Trog
Uskayaw
Vehumet
Wu Jian
Xom
Yredelemnul
Zin
The Shining One
Beogh
Jiyva

Shops:
D:6 [?(*?   D:8 !   D:10 *   D:14 *?:*?!   Orc:2 [((?*   Elf:1 *   Elf:2 *
Swamp:3 (?   Snake:1 [   Snake:3 :[?:   Snake:4 (*   Vaults:2 *   Vaults:3 ([
Vaults:4 !

Portals:
Hell: Depths:1 Depths:2 Depths:3 Depths:4
Abyss: Depths:1 Depths:3
Pandemonium: Depths:1 Depths:2 Depths:3
Ziggurat: Depths:2

Annotations:
D:6 exclusion: statue
D:11 2 transporters, runemasterragnar's ghost, journeyman CoHu
Swamp:2 1 runed translucent door
Elf:1 6 runed translucent doors


Innate Abilities, Weirdness & Mutations

You have a beak for a mouth.
You have claws for feet.
Your magical flight helps you evade attacks. (EV +4)
You can magically evade attacks while moving or waiting.
You are somewhat resistant to further mutation.
You expend magic power (3 MP) to strengthen your wands.


Message History

Your large abomination hits the angel!!
Unknown command.
You block the angel's attack. x2
Unknown command.
You block the angel's attack. x2
The tormentor calls on the powers of darkness!
The angel convulses!
Your body is wracked with pain!
Your large abomination closely misses the angel.
Your large abomination hits the angel!!
The angel dies!
The angel dissolves into sparkling lights!
Your large abomination barely misses the tormentor.
Your large abomination hits the tormentor!
Unknown command.
Your large abomination completely misses the tormentor.
Your large abomination hits the tormentor!
The tormentor calls on the powers of darkness!
Your body is wracked with pain!
Your large abomination hits the tormentor!!
The tormentor dies!
Unknown command.
You swap places.
You now have 5755 gold pieces (gained 6).
Your large abomination disappears in a puff of smoke!
You now have 5770 gold pieces (gained 15).
The portal closes; your eldritch tentacle is severed.
The eldritch tentacle writhes!
The eldritch tentacle writhes!
The eldritch tentacle writhes!
Your large abomination disappears in a puff of smoke!
You see here a goblin skeleton.
There is an open door here.
You start resting.
Your large abomination disappears in a puff of smoke!
HP restored.
Welcome back, jamsaran the Tengu Summoner.
Gozag says: Greed is good.
Press ? for a list of commands and other information.
There is a staircase leading out of the dungeon here.
You have escaped!

# #............####...........#
###...#############...........#
.........#.....>..............#
##########.##########.###.#.###
...........# #.# #.#.###
.############ #.# #.#.#.# .#
#...#########.# #.#.#.# .#
#.ß.##.....##.# #.#.#.# .#
#...##..@..##.# #...#.# .#
#...##.....##.#######.# .#
#.≈.##.....##....# #.# .#
#.≈..'.....#####.# #.# .#
#.≈.##.....# #.# #.# ####
#.≈.##.....# #.# #.### ...#
###...##.....# #.# #....
##.####.÷...######## #.# #####
........################.#


There were no monsters in sight!

Vanquished Creatures
  A golden dragon (Zot:4)
  An Orb Guardian (Zot:5)
  A lich (Depths:3)
  2 deep elf master archers (Elf:3)
  A quicksilver dragon (Depths:3)
  4 acid blobs
  3 ancient champions
  2 death cobs
  An eldritch tentacle (Slime:5)
  A tengu reaver (Depths:3)
  3 storm dragons
  2 nagarajas
  4 revenants
  3 azure jellies
  A deep elf sorcerer (Elf:3)
  2 fire giants (Depths:3)
  4 rockslimes
  4 vault wardens
  A deep elf elementalist (Elf:3)
  A curse skull (Crypt:2)
  8 quicksilver oozes
  An orc warlord (Vaults:1)
  2 ghouls (Crypt:2)
  A reaper (Crypt:2)
  A draconian stormcaller (Zot:3)
  2 ironbound thunderhulks
  A spriggan defender (Depths:3)
  A formless jellyfish (Slime:3)
  7 vampire knights
  4 very ugly things
  3 eleionomae
  3 deep elf demonologists
  5 stone giants
  2 deep elf death magi (Elf:3)
  A deep elf annihilator (Elf:1)
  A black draconian (Zot:3)
  A spark wasp (Depths:3)
  3 dire elephants
  A purple draconian (Zot:2)
  A bunyip (Swamp:2)
  A yellow draconian (Zot:2)
  An ettin (Depths:2)
  2 red draconians (Zot:2)
  A crystal guardian (Vaults:4)
  A fire dragon (Depths:2)
  2 ragged hierophants (Desolation)
  9 jiangshi
  4 servants of whispers (Desolation)
  A rakshasa (Depths:3)
  3 ice dragons
  3 yaktaur captains
  3 great orbs of eyes
  A hydra (Swamp:4)
  4 spriggan air magi
  A peacekeeper (Vaults:4)
  A salamander tyrant (Snake:4)
  A centaur warrior (D:13)
  An anaconda (Snake:1)
  2 alligators
  A boulder beetle (D:14)
  An Orb Guardian skeleton (Crypt:1)
  A vampire mage (Crypt:1)
  2 dancing weapons
  3 naga warriors
  3 spriggan berserkers
  A sun demon (Depths:3)
  A naga sharpshooter (Snake:4)
  2 soul eaters
  2 occultists (Depths:3)
  9 deep elf knights
  A goliath frog (Swamp:2)
  Sonja (Lair:2)
  3 shadow wraiths
  A sixfirhy (Depths:1)
  2 iron trolls
  7 skeletal warriors
  A death drake (Swamp:4)
  5 deep elf archers
  A shadow demon (Depths:1)
  2 mana vipers
  4 deep trolls
  A naga ritualist (Snake:1)
  2 swamp dragons
  3 bog bodies
  2 phantasmal warriors (Crypt:2)
  8 deep elf zephyrmancers
  An ironbound convoker (Vaults:4)
  6 deep elf pyromancers
  An orc sorcerer (Orc:2)
  2 lindwurms (Vaults:1)
  14 ugly things
  A cyclops (D:12)
  A shining eye (Slime:5)
  A will-o-the-wisp (Swamp:2)
  2 salamanders
  A moth of wrath (Zot:5)
  12 black mambas
  A formless jellyfish zombie (Crypt:2)
  2 kobold blastminers (Orc:2)
  4 elephants
  A guardian serpent (Snake:4)
  4 naga magi
  4 vault sentinels
  A smoke demon (Depths:4)
  A cane toad (Lair:3)
  A large abomination (Crypt:3)
  A rime drake (Lair:5)
  2 yaktaurs
  An efreet (D:15)
  A freezing wraith (Crypt:1)
  2 komodo dragons
  A catoblepas skeleton (Crypt:2)
  2 tyrant leeches
  2 blink frogs
  10 saltlings (Desolation)
  2 hornets
  2 trolls
  A jumping spider zombie (Crypt:1)
  12 slime creatures
  A spriggan (Swamp:4)
  A wyvern (Lair:2)
  An air elemental (Elf:2)
  12 yaks
  2 golden eyes
  A warg (Lair:5)
  4 nagas
  4 swamp worms
  A swamp worm (shapeshifter) (Depths:3)
  5 water moccasins
  A hell hound (Lair:5)
  A nameless horror (Swamp:1)
  A swamp drake (Swamp:4)
  6 laughing skulls
  A lindwurm zombie (Crypt:2)
  3 orc warriors
  2 black bears
  A sky beast (shapeshifter) (D:15)
  3 sky beasts
  4 centaurs
  3 wolves (Lair:5)
  An ogre (D:5)
  A snapping turtle skeleton (Crypt:2)
  A manticore skeleton (Crypt:2)
  A yaktaur zombie (Crypt:1)
  A bullfrog (shapeshifter) (Elf:1)
  3 bullfrogs
  3 glowing shapeshifter simulacra (IceCv)
  A scorpion (D:5)
  A burial acolyte (Crypt:3)
  A bombardier beetle (D:5)
  5 hounds
  An orc priest (D:8)
  2 iguanas (D:5)
  5 orc wizards
  A brain worm zombie (Crypt:2)
  An ogre zombie (Crypt:1)
  A tengu skeleton (Crypt:2)
  8 adders
  5 gnolls
  A shadow imp (D:7)
  A white imp (D:4)
  3 dart slugs
  14 orcs
  4 bats
  An endoplasm (D:2)
  3 giant cockroaches
  6 goblins
  3 hobgoblins
  2 jackals (D:4)
  2 quokkas
  A ball python (D:1)
  5 kobolds
  3 rats
453 creatures vanquished.

Vanquished Creatures (collateral kills)
  the Royal Jelly (Slime:5)
  An ancient lich (Zot:5)
  Mara (Depths:2)
  A juggernaut (Depths:4)
  Xtahua (Crypt:3)
  Sojobo (Crypt:3)
  Bai Suzhen (Crypt:1)
  Vashnia (Snake:4)
  2 Killer Klowns (Zot:5)
  the Lernaean hydra (Swamp:4)
  4 caustic shrikes
  3 golden dragons
  Norris (Depths:3)
  Jory (Crypt:1)
  A profane servitor (Crypt:3)
  A bone dragon (Crypt:3)
  An electric golem (Zot:5)
  2 doom hounds (Depths:2)
  Zenata (Elf:3)
  3 tentacled monstrosities
  5 liches
  A walking crystal tome (Depths:3)
  A walking earthen tome (Depths:3)
  13 Orb Guardians
  A walking divine tome (Depths:3)
  4 quicksilver dragons
  A walking frostbound tome (Depths:3)
  2 deep elf blademasters (Elf:3)
  A deep elf master archer (Elf:3)
  10 acid blobs
  Grunn (Depths:2)
  An Executioner (Zot:5)
  An ancient champion (Crypt:2)
  An eldritch tentacle (Depths:2)
  Gastronok (Lair:2)
  A death cob (Zot:4)
  2 sphinxes
  Agnes (D:15)
  A thorn hunter (Swamp:4)
  8 tengu reavers
  3 shadow dragons
  Donald (Slime:3)
  3 revenants
  10 storm dragons
  Aizul (Swamp:1)
  16 rockslimes
  The ghost of Rualuul the Phalangite, an adept MfBe of Trog (Swamp:4)
  5 deep elf sorcerers (Elf:3)
  2 protean progenitors (Zot:5)
  10 fire giants
  16 azure jellies
  A draconian knight (Zot:3)
  A fenstrider witch (Swamp:3)
  A draconian monk (Zot:4)
  8 nagarajas
  3 vault wardens
  10 frost giants
  2 imperial myrmidons (Desolation)
  A draconian shifter (Zot:4)
  2 deep elf elementalists
  2 draconian scorchers
  A broodmother (Zot:5)
  A draconian annihilator (Zot:3)
  An iron dragon (Slime:5)
  A juggernaut zombie (Crypt:3)
  An orc warlord (Vaults:2)
  23 very ugly things
  21 ironbound preservers
  8 formless jellyfish
  4 ghouls
  5 ironbound thunderhulks
  A draconian stormcaller (Zot:3)
  14 stone giants
  5 deep elf death magi
  3 black draconians
  19 quicksilver oozes
  3 green draconians
  A demonspawn black sun (D:15)
  5 deep elf demonologists
  4 white draconians
  6 deep elf annihilators
  A war gargoyle (Vaults:3)
  3 red draconians
  A halazid warlock (Desolation)
  A minotaur (Gauntlet)
  7 dire elephants
  7 vampire knights
  3 eleionomae
  5 bunyips
  4 purple draconians
  2 yellow draconians
  6 spark wasps (Depths:3)
  4 eidola
  A green death (Depths:1)
  2 blizzard demons
  Snorg (D:14)
  17 jiangshi
  An ettin (Depths:3)
  A shambling mangrove (Swamp:2)
  2 crystal guardians (Vaults:3)
  Josephine (D:12)
  10 fire dragons
  9 ragged hierophants (Desolation)
  5 yaktaur captains
  5 deep elf high priests (Elf:3)
  A spectral shadow dragon (Crypt:3)
  An entropy weaver (Vaults:1)
  9 servants of whispers (Desolation)
  Harold (Orc:1)
  12 hydras
  3 salamander tyrants (Snake:4)
  9 great orbs of eyes
  13 ice dragons
  A rakshasa (Depths:2)
  3 vault guards (Vaults:2)
  2 catoblepae (Lair:5)
  A hell beast (D:1)
  10 alligators
  2 ogre magi (Orc:2)
  3 death knights
  4 spriggan air magi
  A jorogumo (Zot:5)
  10 peacekeepers
  A ghost crab (Swamp:2)
  3 ironbound frosthearts
  4 centaur warriors
  13 anacondas
  12 tengu warriors
  3 two-headed ogres
  24 dancing weapons
  8 deep troll earth magi
  15 naga sharpshooters
  2 boulder beetles
  6 death yaks
  4 deep troll shamans
  4 orc high priests
  7 shock serpents
  6 vampire magi
  5 spriggan berserkers
  7 hell hogs
  9 naga warriors
  4 occultists
  3 soul eaters
  7 hell knights
  3 skysharks
  17 deep elf knights
  A shadow wraith (Crypt:3)
  2 sun demons (Depths:4)
  9 iron trolls
  A sixfirhy (Depths:1)
  Amaemon (Lair:2)
  65 deep trolls
  7 salamander mystics
  2 death drakes (Swamp:4)
  A glowing orange brain (Slime:5)
  2 spriggan druids
  2 goliath frogs
  A bunyip zombie (Crypt:2)
  Lodul (D:12)
  26 skeletal warriors
  7 bog bodies
  13 mana vipers
  An anaconda zombie (Crypt:3)
  18 deep elf archers
  A deep troll (shapeshifter) (Vaults:3)
  7 naga ritualists
  12 swamp dragons
  8 arcanists
  5 flayed ghosts
  12 lindwurms
  An orange crystal statue (IceCv)
  15 ironbound convokers
  22 deep elf pyromancers
  21 deep elf zephyrmancers
  A death drake (shapeshifter) (Depths:3)
  3 thermic dynamos
  A phantasmal warrior (Vaults:3)
  2 necromancers
  10 orc knights
  45 ugly things
  3 orc sorcerers
  3 oklob plants
  A fire giant zombie (Crypt:1)
  5 shining eyes
  A shadow dragon skeleton (Crypt:2)
  A jorogumo skeleton (Crypt:2)
  23 salamanders
  4 cyclopes
  2 manticores (Lair:5)
  10 moths of wrath
  14 elephants
  10 vault sentinels
  3 meliai (D:14)
  A centaur zombie (Crypt:2)
  2 kobold blastminers (Orc:1)
  A stone giant skeleton (Crypt:2)
  A black mamba (shapeshifter) (Depths:3)
  16 guardian serpents
  11 naga magi
  21 black mambas
  4 eyes of devastation
  2 smoke demons (Depths:4)
  4 gargoyles
  7 cane toads
  A hellion (Depths:4)
  An orange demon (Lair:2)
  2 torpor snails (Lair:5)
  2 minotaur zombies (Gauntlet)
  5 freezing wraiths
  5 komodo dragons
  4 rime drakes
  16 yaktaurs
  2 tormentors
  2 tengu conjurers (Depths:2)
  An alligator snapping turtle skeleton (Crypt:3)
  12 polar bears
  8 hornets
  A merfolk (shapeshifter) (Depths:4)
  4 trolls
  3 raiju
  10 tyrant leeches
  A jumping spider (Vaults:1)
  2 dream sheep (Lair:5)
  55 saltlings (Desolation)
  10 blink frogs
  An ettin zombie (Crypt:1)
  5 glass eyes
  78 slime creatures
  9 spriggans
  4 shadows
  11 wraiths
  A vampire (D:10)
  7 wyverns
  2 fire elementals
  2 steam dragons
  2 water elementals
  44 yaks
  10 basilisks
  A hog (shapeshifter) (D:14)
  A golden eye (Slime:1)
  2 redbacks (Vaults:1)
  4 vampire mosquitoes
  6 wargs
  17 swamp worms
  A harpy simulacrum (Crypt:2)
  An acid dragon (D:5)
  3 great orb of eyes simulacra (IceCv)
  40 nagas
  14 hell hounds (Lair:5)
  21 orc warriors
  17 water moccasins
  An ice beast (D:7)
  12 black bears
  6 swamp drakes (Swamp:4)
  3 sky beasts (D:7)
  17 laughing skulls
  3 small abominations (Crypt:3)
  11 ogres
  11 wolves (Lair:5)
  6 centaurs
  5 phantoms
  2 kobold brigands
  A weeping skull (D:11)
  6 bullfrogs
  5 slime creature simulacra (IceCv)
  6 earth elementals
  3 gnoll sergeants
  6 glowing shapeshifter simulacra (IceCv)
  19 wights
  3 burial acolytes (Crypt:3)
  2 howler monkeys (D:12)
  3 nameless horrors
  5 hounds
  A bombardier beetle (D:5)
  6 jellies
  16 orc priests
  3 gnoll boudas
  3 iguanas
  A scorpion zombie (Crypt:1)
  2 sleepcaps (D:5)
  20 orc wizards
  A boggart skeleton (Crypt:1)
  21 gnolls
  2 adders
  A shadow imp (D:7)
  2 white imps
  3 dart slugs
  2 ribbon worms
  71 orcs
  3 endoplasms
  8 goblins
  3 hobgoblins
  2 jackals
  6 kobolds
  A quokka (D:2)
  3 ball pythons
  A bat (D:2)
  A bombardier beetle zombie (Crypt:1)
  An orc skeleton (Crypt:1)
  A rat (D:3)
  A spectral orc (D:11)
  An aspiring flesh (Zot:5)
  A spectral weapon (Vaults:2)
1915 creatures vanquished.

Vanquished Creatures (others)
  An orb of fire (Zot:5)
  An ancient lich (Zot:5)
  A Killer Klown (Zot:5)
  3 golden dragons
  An electric golem (Zot:5)
  3 tentacled monstrosities
  An Ice Fiend (D:7)
  9 Orb Guardians (Zot:5)
  Asterion (Vaults:2)
  5 death cobs
  78 eldritch tentacles
  A draconian scorcher (Zot:3)
  A draconian stormcaller (Depths:4)
  2 green draconians (Zot:5)
  A white draconian (Zot:3)
  A black draconian (Zot:5)
  A fire dragon (Depths:3)
  2 ragged hierophants (Desolation)
  A crystal guardian (Desolation)
  An occultist (Depths:3)
  A sun demon (Zot:5)
  3 deep elf knights
  A salamander (Depths:4)
  A moth of wrath (Zot:5)
  2 large abominations (Zot:5)
  A saltling (Desolation)
  A swamp drake (Swamp:4)
  2 laughing skulls (Crypt:3)
  A nameless horror (Desolation)
  An orc wizard (D:9)
129 creatures vanquished.

Grand Total: 2497 creatures vanquished

Notes
Turn   | Place    | Note
-------+----------+-------------------------------------------
     0 | D:1      | jamsaran the Tengu Summoner began the quest for the Orb.
     0 | D:1      | Reached XP level 1. HP: 10/10 MP: 4/4
   128 | D:1      | Reached skill level 5 in Summonings
   273 | D:1      | Reached XP level 2. HP: 15/15 MP: 4/6
   939 | D:1      | You fall into a shaft and drop 1 floor!
  1050 | D:2      | Reached XP level 3. HP: 16/19 MP: 4/8
  1054 | D:2      | Learned a level 3 spell: Call Canine Familiar
  1581 | D:2      | Reached XP level 4. HP: 24/24 MP: 5/9
  1583 | D:2      | Identified the +1 whip of Success {drain, +Blink rF+++
                  | Str-2}
  1804 | D:3      | Identified the +0 ring mail of Dice, Bag, and Bottle
                  | {Regen+ Stlth+}
  1824 | D:3      | Reached skill level 6 in Summonings
  2311 | D:3      | Found a faded altar of an unknown god.
  2487 | D:3      | Reached XP level 5. HP: 14/28 MP: 1/10
  2767 | D:3      | Learned a level 4 spell: Summon Lightning Spire
  3153 | D:4      | Found a staircase to the Ecumenical Temple.
  3159 | Temple   | Entered the Ecumenical Temple
  3162 | Temple   | Became a worshipper of Gozag Ym Sagoz the Greedy
  3220 | D:4      | Reached skill level 1 in Air Magic
  3503 | D:4      | Reached skill level 7 in Summonings
  3563 | D:4      | Noticed a water moccasin
  3592 | D:4      | Killed a water moccasin
  3593 | D:4      | Reached XP level 6. HP: 14/32 MP: 9/11
  3726 | D:4      | Found a snail-covered altar of Cheibriados.
  3777 | D:4      | Reached skill level 5 in Air Magic
  4603 | D:5      | Entered Level 5 of the Dungeon
  4613 | D:5      | Gained mutation: Your magical flight helps you evade
                  | attacks. (EV +4) [Tengu growth]
  4613 | D:5      | Reached XP level 7. HP: 36/36 MP: 8/12
  4755 | D:5      | Found a stormy altar of Qazlal.
  4758 | D:5      | Noticed an air elemental
  4758 | D:5      | Noticed a water elemental
  4758 | D:5      | Noticed a fire elemental
  4787 | D:5      | Found an ornate altar of the Wu Jian Council.
  5264 | D:5      | Reached XP level 8. HP: 42/42 MP: 4/13
  5356 | D:5      | Found a sparkling altar of Nemelex Xobeh.
  5490 | D:5      | Reached skill level 1 in Armour
  5623 | D:5      | Reached skill level 1 in Fighting
  6397 | D:5      | Reached skill level 8 in Summonings
  6535 | D:5      | Reached skill level 9 in Summonings
  6535 | D:5      | Reached XP level 9. HP: 50/50 MP: 10/14
  6596 | D:5      | Reached skill level 1 in Evocations
  6802 | D:5      | Learned a level 6 spell: Summon Cactus Giant
  7214 | D:6      | Found Xihos's Magic Scroll Boutique.
  7225 | D:6      | Bought a scroll of fear for 60 gold pieces
  7225 | D:6      | Bought a scroll of fog for 60 gold pieces
  7225 | D:6      | Bought 2 scrolls of teleportation for 90 gold pieces
  7225 | D:6      | Bought a scroll of identify for 30 gold pieces
  7225 | D:6      | Bought a scroll of immolation for 60 gold pieces
  7225 | D:6      | Bought a scroll of identify for 30 gold pieces
  7230 | D:6      | Found Kejirgh's Weapon Shoppe.
  7427 | D:6      | Found Rulowaph's Magic Scroll Shop.
  7435 | D:6      | Bought a scroll of blinking for 90 gold pieces
  7469 | D:6      | Reached skill level 5 in Dodging
  7786 | D:6      | Found a radiant altar of Vehumet.
  7850 | D:6      | Found Hoynu's Assorted Antiques.
  7855 | D:6      | Bought a buckler for 153 gold pieces
  7855 | D:6      | Bought an encrusted emerald ring for 170 gold pieces
  7943 | D:6      | Found Caw Poi's Armour Shoppe.
  8131 | D:7      | Found a basalt altar of Yredelemnul.
  8139 | D:7      | Reached skill level 10 in Summonings
  8320 | D:7      | Found a flagged portal.
  8389 | Bailey   | Entered a bailey
  8409 | Bailey   | Reached skill level 11 in Summonings
  8576 | Bailey   | Reached XP level 10. HP: 56/56 MP: 8/15
  8720 | Bailey   | Found a large runed translucent door.
  8720 | Bailey   | Found a large runed translucent door.
  8721 | Bailey   | Noticed a deep elf pyromancer
  8723 | Bailey   | Noticed an orc knight
  8737 | Bailey   | Killed an orc knight
  8925 | Bailey   | Killed a deep elf pyromancer
  8926 | Bailey   | Reached skill level 5 in Armour
  9065 | D:7      | Reached skill level 12 in Summonings
  9154 | D:7      | Found a sacrificial altar of Ru.
  9730 | D:7      | Noticed a two-headed ogre
 10137 | D:7      | Killed a two-headed ogre
 10450 | D:7      | Found a shimmering altar of Xom.
 10455 | D:7      | Found a white marble altar of Elyvilon.
 10457 | D:7      | Found a shimmering blue altar of Sif Muna.
 10457 | D:7      | Found a hazy altar of Hepliaklqana.
 10457 | D:7      | Found a glowing silver altar of Zin.
 10458 | D:7      | Found a shadowy altar of Dithmenos.
 10460 | D:7      | Found a bloodstained altar of Trog.
 10461 | D:7      | Found a broken altar of Ashenzari.
 10652 | D:8      | Reached skill level 13 in Summonings
 10810 | D:8      | Found a blossoming altar of Fedhas.
 10824 | D:8      | Noticed an oklob plant
 10838 | D:8      | Killed an oklob plant
 10839 | D:8      | Reached XP level 11. HP: 60/60 MP: 4/16
 10981 | D:8      | Found Razusiwukk's Distillery.
 11192 | D:8      | Bought a potion of curing for 42 gold pieces
 11192 | D:8      | Bought a potion of cancellation for 112 gold pieces
 11468 | D:8      | Found a burning altar of Makhleb.
 11968 | D:9      | Reached skill level 14 in Summonings
 12098 | D:9      | Found a staircase to the Lair.
 12458 | D:9      | Found a glowing golden altar of the Shining One.
 12490 | D:10     | Entered Level 10 of the Dungeon
 12804 | D:10     | Found Vauch's Assorted Antiques.
 12813 | D:10     | Noticed a two-headed ogre
 12821 | D:10     | Killed a two-headed ogre
 12822 | D:10     | Reached skill level 15 in Summonings
 13138 | D:9      | Found a hide-covered altar of Uskayaw.
 13145 | D:9      | Found an iron altar of Okawaru.
 13377 | D:6      | Bought the +0 cloak of Refuge {Rampage Regen+ Str+2} for
                  | 204 gold pieces
 13377 | D:6      | Bought a +2 hat for 208 gold pieces
 13672 | D:10     | Bought a dented lapis lazuli amulet for 155 gold pieces
 13715 | D:10     | Found a staircase to the Orcish Mines.
 14295 | D:10     | Found an ancient bone altar of Kikubaaqudgha.
 14365 | D:11     | Identified a scroll of acquirement
 14365 | D:11     | Acquired the ring "Danteg" {rC+ Will+ Dex+3 SInv}
 14405 | D:11     | Reached skill level 16 in Summonings
 14511 | D:11     | Noticed runemasterragnar's ghost (journeyman CoHu)
 14523 | D:11     | Found a transporter.
 14560 | D:11     | Reached XP level 12. HP: 64/64 MP: 3/18
 14584 | D:11     | Learned a level 3 spell: Swiftness
 14678 | D:11     | Found a basalt altar of Yredelemnul.
 14777 | D:11     | Found a transporter.
 14841 | D:11     | Found a gate leading to a gauntlet.
 14850 | Gauntlet | Entered a Gauntlet
 14850 | Gauntlet | Noticed a catoblepas
 14850 | Gauntlet | Found a transporter.
 14850 | Gauntlet | Found a transporter.
 14850 | Gauntlet | Found a transporter.
 14862 | Gauntlet | Found a transporter.
 14865 | Gauntlet | Found a transporter.
 14873 | Gauntlet | Found a transporter.
 14873 | Gauntlet | Noticed a catoblepas
 14876 | Gauntlet | Found a transporter.
 14880 | Gauntlet | Found a runed translucent door.
 14883 | Gauntlet | Found a runed translucent door.
 14884 | Gauntlet | Found a transporter.
 14895 | Gauntlet | Noticed a great orb of eyes
 14904 | Gauntlet | Found a transporter.
 14906 | Gauntlet | Noticed a great orb of eyes
 14925 | Gauntlet | Found a transporter.
 14926 | Gauntlet | Found a transporter.
 14937 | Gauntlet | Found a transporter.
 15375 | Gauntlet | Reached skill level 5 in Spellcasting
 15384 | Gauntlet | Identified the +0 helmet "Munother" {+Blink rElec Dex-2}
 15608 | Gauntlet | Killed a great orb of eyes
 15609 | Gauntlet | Reached skill level 17 in Summonings
 15651 | Gauntlet | Identified the amulet "Fedept" {RegenMP+ Str+3 Dex+3}
 15746 | Gauntlet | Noticed a minotaur
 15759 | Gauntlet | Killed a minotaur
 16632 | D:12     | Reached skill level 1 in Shields
 16636 | D:12     | Acquired 979 gold pieces
 16689 | D:12     | Noticed Josephine
 16726 | D:12     | Noticed Lodul
 16738 | D:12     | Killed Lodul
 16963 | D:12     | Killed Josephine
 16964 | D:12     | Reached skill level 18 in Summonings
 17114 | D:13     | Found the +5 glaive of the Guard {elec, spectral}
 17156 | D:13     | Noticed a centaur warrior
 17239 | D:13     | Identified the +4 shortbow of Starshine {freeze, Str+5}
 17674 | Orc:1    | Entered Level 1 of the Orcish Mines
 17695 | Orc:1    | Reached XP level 13. HP: 68/68 MP: 23/23
 17747 | Orc:1    | Found a roughly hewn altar of Beogh.
 18060 | Orc:2    | Entered Level 2 of the Orcish Mines
 18248 | Orc:2    | Found Vomeom's Antique Armour Boutique.
 18279 | Orc:2    | Bought a pair of embroidered gloves for 240 gold pieces
 18279 | Orc:2    | Bought a pair of runed gloves for 240 gold pieces
 18460 | Orc:2    | Reached skill level 19 in Summonings
 18738 | Orc:2    | Learned a level 7 spell: Summon Hydra
 18774 | Orc:2    | Found Guw Jiot's Antique Weapon Shop.
 18774 | Orc:2    | Found Zoudd's Assorted Antiques.
 18777 | Orc:2    | Found Riwasch's Weapon Shop.
 18777 | Orc:2    | Found Xyiwnafar's Magic Scroll Shoppe.
 18784 | Orc:2    | Bought a potion of heal wounds for 170 gold pieces
 18784 | Orc:2    | Bought a silvery potion for 30 gold pieces
 18788 | Orc:2    | Bought a scroll of teleportation for 30 gold pieces
 18789 | Orc:2    | Bought the +1 mace "Xom's Respect" {freeze, rPois Str+3}
                  | for 418 gold pieces
 18792 | Orc:2    | Bought a glowing morningstar for 238 gold pieces
 18827 | Orc:2    | Found a staircase to the Elven Halls.
 19095 | Orc:1    | Reached skill level 1 in Maces & Flails
 19211 | Orc:1    | Noticed Harold
 19221 | Orc:1    | Killed Harold
 19464 | Lair:1   | Entered Level 1 of the Lair of Beasts
 20302 | Lair:2   | Noticed Gastronok
 20332 | Lair:2   | Killed Gastronok
 20380 | Lair:2   | Found a staircase to the Snake Pit.
 20542 | Lair:2   | Reached skill level 20 in Summonings
 20545 | Lair:2   | Reached XP level 14. HP: 74/74 MP: 17/28
 20616 | Lair:2   | Noticed Sonja
 20628 | Lair:2   | Killed Sonja
 20881 | Lair:2   | Noticed Amaemon
 20889 | Lair:2   | Killed Amaemon
 21102 | Lair:2   | Found a staircase to the Swamp.
 21213 | Lair:2   | Learned a level 4 spell: Airstrike
 21300 | Lair:3   | Reached skill level 21 in Summonings
 21859 | Lair:3   | You are sucked into a shaft and drop 2 floors!
 21859 | Lair:5   | Entered Level 5 of the Lair of Beasts
 21878 | Lair:5   | Reached skill level 5 in Fighting
 22195 | Lair:4   | Found a staircase to the Slime Pits.
 23223 | Lair:4   | Noticed a quicksilver ooze
 23228 | Lair:4   | Killed a quicksilver ooze
 23665 | Lair:5   | Reached XP level 15. HP: 86/86 MP: 25/29
 23907 | Lair:5   | Reached skill level 10 in Dodging
 25177 | Lair:5   | Reached skill level 1 in Translocations
 25229 | Lair:5   | Identified the +3 robe of Sophism {rElec rCorr Str-2}
 25633 | D:12     | Got the Elucidation of the Arctic Ouroboros
 25923 | D:12     | Found a sacrificial altar of Ru.
 26486 | D:14     | Noticed Snorg
 26498 | D:14     | Killed Snorg
 26533 | D:14     | Found Hosieg's Distillery.
 26647 | D:14     | Bought a potion of invisibility for 128 gold pieces
 26647 | D:14     | Bought a potion of haste for 160 gold pieces
 26647 | D:14     | Bought a potion of haste for 160 gold pieces
 26647 | D:14     | Bought a potion of heal wounds for 80 gold pieces
 26651 | D:14     | Bought a scroll of butterflies for 72 gold pieces
 26651 | D:14     | Bought a scroll of blinking for 135 gold pieces
 26651 | D:14     | Bought a scroll of enchant weapon for 135 gold pieces
 26651 | D:14     | Bought a scroll of amnesia for 72 gold pieces
 27153 | D:14     | Reached XP level 16. HP: 96/96 MP: 16/30
 27336 | D:14     | Found Wuuhynegg's Book Boutique.
 27341 | D:14     | Bought a book of Beasts for 576 gold pieces
 27341 | D:14     | Bought a book of Vapours for 416 gold pieces
 27346 | D:14     | Found Woost's General Store.
 27364 | D:14     | Found a gate to the Vaults.
 27481 | D:14     | Found Xoddog's Magic Scroll Boutique.
 27489 | D:14     | Bought a scroll of fear for 64 gold pieces
 27489 | D:14     | Bought a scroll of fog for 64 gold pieces
 27489 | D:14     | Bought a scroll of enchant armour for 120 gold pieces
 27519 | D:14     | Found Qetinefo's General Store.
 27527 | D:14     | Bought a potion of invisibility for 136 gold pieces
 27584 | D:14     | Found a portal to a secret trove of treasure.
 27709 | D:15     | Entered Level 15 of the Dungeon
 27856 | D:15     | Noticed Agnes
 27866 | D:15     | Killed Agnes
 27960 | D:15     | Reached skill level 10 in Spellcasting
 28379 | D:15     | Found a staircase to the Depths.
 28386 | D:15     | Reached skill level 5 in Maces & Flails
 28504 | D:15     | Reached skill level 22 in Summonings
 28865 | Swamp:1  | Entered Level 1 of the Swamp
 28865 | Swamp:1  | Identified the serpent talisman of an ice cave {*Corrode
                  | rF+ Str+4}
 28865 | Swamp:1  | Noticed Aizul
 28875 | Swamp:1  | Killed Aizul
 30848 | Swamp:2  | Reached skill level 5 in Translocations
 30909 | Swamp:2  | Found a runed translucent door.
 31224 | Swamp:3  | Noticed a fenstrider witch
 31432 | Swamp:3  | Killed a fenstrider witch
 31433 | Swamp:3  | Reached skill level 1 in Conjurations
 31435 | Swamp:3  | Reached skill level 1 in Alchemy
 31598 | Swamp:2  | Learned a level 7 spell: Monstrous Menagerie
 31602 | Swamp:2  | Learned a level 3 spell: Mephitic Cloud
 31887 | Swamp:3  | Reached XP level 17. HP: 98/100 MP: 15/32
 32204 | Swamp:4  | Entered Level 4 of the Swamp
 32258 | Swamp:4  | Found a large runed translucent door.
 32258 | Swamp:4  | Found a large runed translucent door.
 32264 | Swamp:4  | Noticed Rualuul's ghost (adept MfBe)
 32727 | Swamp:4  | Reached skill level 23 in Summonings
 32740 | Swamp:4  | Noticed the 27-headed Lernaean hydra
 32801 | Swamp:3  | Bought a scroll of immolation for 56 gold pieces
 32801 | Swamp:3  | Bought a scroll of immolation for 56 gold pieces
 32803 | Swamp:3  | Bought a runed morningstar for 245 gold pieces
 33087 | Snake:1  | Entered Level 1 of the Snake Pit
 33228 | Snake:1  | Found Japreb's Antique Armour Shop.
 33288 | Snake:1  | Identified the +6 flail of the Equinox {flame, *Slow Fly
                  | rPois rN++}
 34064 | Snake:1  | Reached skill level 24 in Summonings
 34511 | Snake:1  | Reached skill level 5 in Shields
 34959 | Snake:2  | Reached skill level 5 in Stealth
 35283 | Snake:2  | Reached XP level 18. HP: 105/105 MP: 10/33
 35339 | Snake:2  | Identified the +0 robe of Vobbas {+Blink rN+}
 35538 | Snake:3  | Found Tyil's Antique Armour Shoppe.
 35538 | Snake:3  | Found Loonliss's Book Shoppe.
 35542 | Snake:3  | Found Epankeg's Book Shoppe.
 35543 | Snake:3  | Found Agineybu's Magic Scroll Shoppe.
 35546 | Snake:3  | Bought a steaming buckler for 285 gold pieces
 35546 | Snake:3  | Identified the +4 buckler of the Kettle-Drum {rF+ Will-
                  | Dex+2} (You bought it in a shop on level 3 of the Snake
                  | Pit)
 35557 | Snake:3  | Bought a scroll of enchant armour for 120 gold pieces
 35557 | Snake:3  | Bought a scroll of immolation for 64 gold pieces
 36474 | Snake:4  | Entered Level 4 of the Snake Pit
 37341 | Snake:4  | Found Fesi's Weapon Shoppe.
 38751 | Snake:4  | Noticed Vashnia
 39182 | Snake:4  | Learned a level 7 spell: Malign Gateway
 39221 | Snake:4  | Killed Vashnia
 39743 | Snake:4  | Reached XP level 19. HP: 67/110 MP: 13/36
 39947 | Snake:4  | Found an iron altar of Okawaru.
 39959 | Snake:4  | Got a serpentine rune of Zot
 40017 | Snake:4  | Bought a transparent iron ring for 215 gold pieces
 40017 | Snake:4  | Identified the ring "Wuse" {rF+ EV+5 Stlth+} (You bought it
                  | in a shop on level 4 of the Snake Pit)
 40017 | Snake:4  | Bought a Gell's gravitambourine (2/2) for 1720 gold pieces
 40017 | Snake:4  | Bought a scroll of blinking for 322 gold pieces
 40017 | Snake:4  | Bought a runed scarf for 344 gold pieces
 40253 | Elf:1    | Entered Level 1 of the Elven Halls
 40565 | Elf:1    | Found a glacial archway.
 40574 | IceCv    | Entered an ice cave
 41729 | IceCv    | Got the ring of Zeqijuo {rC+ Int+3 Slay+3}
 42867 | IceCv    | Found a viscous altar of Jiyva.
 42887 | IceCv    | Got Gulom's Handbook of the Iceberg
 43005 | Elf:1    | Identified the +0 leather armour of Honour {Str+2}
 43049 | Elf:1    | Reached skill level 25 in Summonings
 43103 | Elf:1    | Found Rebol's Assorted Antiques.
 43171 | Elf:1    | Bought a scroll of amnesia for 176 gold pieces
 43583 | Elf:1    | Reached skill level 10 in Shields
 44302 | Elf:1    | Found a runed translucent gate.
 44302 | Elf:1    | Found a runed translucent gate.
 44302 | Elf:1    | Found a runed translucent gate.
 44302 | Elf:1    | Found a runed translucent gate.
 44302 | Elf:1    | Found a runed translucent gate.
 44304 | Elf:1    | Found a runed translucent gate.
 44483 | Elf:2    | Paralysed by an air elemental for 1 turns
 44531 | Elf:2    | Identified the serpent talisman of Hairiness {rF+ Dex+2
                  | Slay-6}
 44970 | Elf:2    | Found Nuaw's General Store.
 44983 | Elf:2    | Bought a scroll of teleportation for 54 gold pieces
 45207 | Elf:2    | Found a runed translucent gate.
 45288 | Elf:2    | Found a runed translucent gate.
 45289 | Elf:2    | Found a runed translucent gate.
 45326 | Elf:2    | Reached XP level 20. HP: 115/115 MP: 28/37
 46952 | Elf:3    | Entered Level 3 of the Elven Halls
 46966 | Elf:3    | Noticed a Tzitzimitl
 47364 | Elf:3    | Identified the ring of the Hurting Madman {^Contam rC+
                  | Will+ AC+4}
 47382 | Elf:3    | Reached skill level 26 in Summonings
 47611 | Elf:3    | Noticed Zenata
 48789 | Elf:3    | Identified the +1 whip "Nil Ofargh" {drain, rF- rN+ Str+3
                  | Dex+3}
 49312 | Elf:3    | Identified the +8 quarterstaff of the Middle {antimagic,
                  | rN+ Dex+3}
 49312 | Elf:3    | Identified the ring "Gaxiri" {rElec rCorr MP-9 EV+5 Stlth-}
 49420 | Elf:3    | Identified the ring of Wosyet {Will+ Dex+5}
 49588 | Elf:3    | Reached skill level 27 in Summonings
 49606 | Elf:3    | Reached skill level 1 in Ice Magic
 50106 | Elf:3    | Identified the ring "Diduf" {*Corrode rPois rC+++ Will-
                  | Int+3}
 50281 | D:10     | Learned a level 5 spell: Freezing Cloud
 51211 | Swamp:4  | Got a decaying rune of Zot
 51265 | Swamp:4  | Killed the 26-headed Lernaean hydra
 51266 | Swamp:4  | Reached skill level 5 in Conjurations
 51651 | Swamp:4  | Reached XP level 21. HP: 113/120 MP: 26/38
 51778 | Swamp:4  | Killed Rualuul's ghost
 51785 | Swamp:4  | Identified the amulet of the Thistle {Acrobat *Corrode
                  | Will+ SInv}
 52038 | D:6      | Bought the +9 scales of the Dragon King {rPois rF+ rC+
                  | Will+} for 1622 gold pieces
 52038 | D:6      | Found the +9 scales of the Dragon King {rPois rF+ rC+
                  | Will+}
 52192 | D:14     | You paid a toll of the scales of the Dragon King to enter a
                  | treasure trove
 52193 | Trove    | Entered a treasure trove
 52193 | Trove    | Found the +3 pair of gauntlets of War {Slay+5}
 52201 | Trove    | Got Sif Muna's Elucidation of the Igneous Syncline
 52268 | Trove    | Identified the +2 hat of Bitterness {Rampage rF++ rN+++
                  | Stlth-}
 52420 | Vaults:1 | Entered Level 1 of the Vaults
 54445 | Vaults:2 | Found Enynn's Assorted Antiques.
 55750 | Vaults:2 | Noticed Asterion
 55758 | Vaults:2 | Reached skill level 10 in Translocations
 55761 | Vaults:2 | Killed Asterion
 56640 | Vaults:2 | Reached skill level 15 in Shields
 56916 | Vaults:3 | Found a crumbling gateway.
 56940 | Desolati | Entered the Desolation of Salt
 57287 | Desolati | Reached XP level 22. HP: 125/125 MP: 25/39
 57357 | Desolati | Identified the ring "Umawime" {rF+ SInv}
 57359 | Desolati | Got the Almanac of Bright Interference
 57541 | Desolati | Identified the +3 rapier "Wuro" {freeze, *Rage *Corrode
                  | +Blink Dex+7}
 57576 | Desolati | Got Pium's Compilation of Shadowy Coordinates
 58118 | Desolati | Identified the +4 dagger "Wejaenne" {venom, rC+}
 59179 | Desolati | Got the Quarto of Clouds
 59432 | Vaults:3 | Reached skill level 10 in Air Magic
 60105 | Vaults:3 | Found Zyddus's Armour Shoppe.
 60696 | Vaults:3 | Found a staircase to the Crypt.
 60759 | Vaults:3 | Found Paoklozu's Weapon Boutique.
 61832 | Vaults:4 | Bought a potion of heal wounds for 65 gold pieces
 61832 | Vaults:4 | Bought a potion of curing for 39 gold pieces
 61832 | Vaults:4 | Bought a potion of might for 52 gold pieces
 62203 | Vaults:4 | Paralysed by a formless jellyfish for 1 turns
 62287 | Vaults:4 | Paralysed by a formless jellyfish for 1 turns
 62420 | Vaults:4 | Reached XP level 23. HP: 129/129 MP: 3/40
 63978 | Elf:3    | Killed Zenata
 64596 | Elf:3    | Identified the staff "Hank" {rC- rN+ Will++ Str+4 Necro}
 64604 | Elf:3    | Got the Catalogue of Sizzling Substances
 64931 | Depths:1 | Entered Level 1 of the Depths
 65030 | Depths:1 | Reached skill level 15 in Dodging
 65361 | D:14     | Bought a scroll of immolation for 64 gold pieces
 65361 | D:14     | Bought a scroll of revelation for 120 gold pieces
 65361 | D:14     | Bought a scroll of revelation for 120 gold pieces
 65484 | D:6      | Bought a scroll of enchant armour for 112 gold pieces
 65533 | D:6      | Bought a scroll of blinking for 90 gold pieces
 65533 | D:6      | Bought a scroll of enchant weapon for 90 gold pieces
 65533 | D:6      | Bought a scroll of enchant weapon for 90 gold pieces
 65533 | D:6      | Bought a scroll of enchant weapon for 90 gold pieces
 65533 | D:6      | Bought a scroll of teleportation for 36 gold pieces
 65736 | Depths:1 | Found a one-way gate leading to the halls of Pandemonium.
 65855 | Depths:1 | Found a one-way gate to the infinite horrors of the Abyss.
 66061 | Depths:1 | Found a gateway to Hell.
 66145 | Depths:1 | Learned a level 8 spell: Summon Horrible Things
 66562 | Depths:1 | Found an opulent altar of Gozag.
 67191 | Depths:2 | Reached skill level 15 in Spellcasting
 67302 | Depths:2 | Found a one-way gateway to a ziggurat.
 67675 | Depths:2 | Noticed Mara
 67690 | Depths:2 | Noticed jamsaran's illusion
 67865 | Depths:2 | Killed Mara
 68392 | Depths:2 | Noticed Grunn
 68414 | Depths:2 | Killed Grunn
 68728 | Depths:2 | Reached XP level 24. HP: 136/136 MP: 38/43
 68836 | Depths:2 | Reached skill level 10 in Armour
 68898 | Depths:2 | Reached skill level 10 in Maces & Flails
 68898 | Depths:2 | Reached skill level 10 in Stealth
 69057 | Depths:3 | Reached skill level 10 in Fighting
 69511 | Depths:3 | Noticed a caustic shrike
 69518 | Depths:3 | Killed a caustic shrike
 70148 | Depths:3 | Noticed Norris
 70153 | Depths:3 | Noticed a caustic shrike
 70161 | Depths:3 | Killed Norris
 70417 | Depths:3 | Noticed a caustic shrike
 70437 | Depths:3 | Identified the ring of Degedgh {+Blink rC+ rN+ Str+6 SInv}
 70450 | Depths:2 | Killed a caustic shrike
 70593 | Depths:3 | Killed a caustic shrike
 71174 | Depths:3 | Identified the +8 flail of the Chewing Gods {speed, rCorr
                  | Str+3}
 71524 | Depths:3 | Noticed a caustic shrike
 71633 | Depths:3 | Killed a caustic shrike
 71886 | Depths:3 | Reached XP level 25. HP: 147/147 MP: 23/43
 72038 | Depths:3 | Reached skill level 15 in Air Magic
 72479 | Depths:3 | Learned a level 2 spell: Blink
 72529 | Depths:4 | Entered Level 4 of the Depths
 72773 | Depths:4 | Noticed a juggernaut
 72796 | Depths:4 | Killed a juggernaut
 73379 | Depths:4 | Found a gate to the Realm of Zot.
 75277 | Slime:1  | Entered Level 1 of the Pits of Slime
 77021 | Slime:2  | Gained mutation: You are weak. (Str -2) [a shining eye]
 77815 | Slime:3  | Noticed Donald
 77823 | Slime:3  | Killed Donald
 78297 | Slime:4  | Gained mutation: You possess an exceptional clarity of
                  | mind. [a shining eye]
 78301 | Slime:4  | Lost mutation: You possess an exceptional clarity of mind.
                  | [a shining eye]
 78302 | Slime:4  | Gained mutation: Your spells are a little easier to cast,
                  | but a little less powerful. [a shining eye]
 78367 | Slime:3  | Lost mutation: You are weak. (Str -2) [potion of mutation]
 78367 | Slime:3  | Lost mutation: Your spells are a little easier to cast, but
                  | a little less powerful. [potion of mutation]
 78367 | Slime:3  | Gained mutation: You expend magic power (3 MP) to
                  | strengthen your wands. [potion of mutation]
 78367 | Slime:3  | Gained mutation: You are somewhat resistant to further
                  | mutation. [potion of mutation]
 78842 | Slime:5  | Entered Level 5 of the Pits of Slime
 79350 | Slime:5  | Found a viscous altar of Jiyva.
 79357 | Slime:5  | Noticed the Royal Jelly
 80452 | Slime:5  | Killed the Royal Jelly
 80453 | Slime:5  | Reached XP level 26. HP: 128/152 MP: 35/44
 80894 | Slime:5  | Identified the +9 hand axe of Courage {venom, +Blink Str+5}
 80896 | Slime:5  | Identified the +2 rapier "Cuwuhiqa" {heavy, Str+2}
 80950 | Slime:5  | Got a slimy rune of Zot
 81183 | Slime:5  | Learned a level 8 spell: Maxwell's Capacitive Coupling
 81902 | Crypt:1  | Entered Level 1 of the Crypt
 82841 | Crypt:1  | Noticed Jory
 82856 | Crypt:1  | Killed Jory
 83484 | Crypt:1  | Noticed Bai Suzhen
 83497 | Crypt:1  | Killed Bai Suzhen
 85745 | Crypt:3  | Entered Level 3 of the Crypt
 85756 | Crypt:3  | Noticed Sojobo
 85919 | Crypt:3  | Paralysed by an air elemental for 1 turns
 85922 | Crypt:3  | Paralysed by an air elemental for 1 turns
 86550 | Crypt:3  | Killed Sojobo
 86761 | Crypt:3  | Found a basalt altar of Yredelemnul.
 87949 | Crypt:3  | Identified the +9 dagger of Atsu {speed, *Noise +Blink
                  | Str+3 Dex+2}
 87993 | Crypt:3  | Found a staircase to the Tomb.
 88154 | Crypt:3  | Noticed Xtahua
 88169 | Crypt:3  | Killed Xtahua
 88397 | Crypt:3  | Got Kikubaaqudgha's Precepts of Left-Handed Ceremonies
 88501 | Crypt:3  | Identified the ring "Tekkui Foffe" {rPois rC- rN++ Str+10
                  | Int-2 SInv}
 88501 | Crypt:3  | Identified the ring of Starshine {rC+ rN++ rCorr}
 89066 | Zot:1    | Entered Level 1 of the Realm of Zot
 89300 | Orc:2    | Bought a scroll of fog for 136 gold pieces
 89300 | Orc:2    | Bought a sack of spiders for 1360 gold pieces
 89700 | Zot:2    | Reached XP level 27. HP: 130/157 MP: 35/44
 90448 | Zot:5    | Entered Level 5 of the Realm of Zot
 90637 | Zot:5    | Noticed an ancient lich
 90652 | Zot:5    | Killed an ancient lich
 90689 | Zot:5    | Noticed an ancient lich
 90736 | Zot:5    | Noticed an orb of fire
 90755 | Zot:5    | Killed an ancient lich
 90759 | Zot:5    | Noticed an orb of fire
 90760 | Zot:5    | Got the Orb of Zot
 90974 | Depths:1 | Noticed Nuubank the pandemonium lord
 91178 | D:7      | Noticed Pewuq the pandemonium lord
 91185 | D:7      | Noticed Mutzeijo the pandemonium lord
 91310 | D:1      | Noticed a seraph
 91310 | D:1      | Noticed a seraph
 91389 | D:1      | Upgraded the game from 0.32-a0-981-g384da2ce10 to
                  | 0.32-a0-986-ga09f62fbf4
 91466 | D:$      | Escaped with the Orb!

Illustrated notes

Levels and vault maps discovered:
D:1:      dpeg_arrival_rooms_c, layout_basic, minmay_pentomino_q2
D:2:      layout_rooms, dreamdust_princess_bridge
D:3:      layout_rooms, ebering_ecumenical_altar_abandoned
D:4:      cheibrodos_helix_gallery, layout_loops_corners,
          nicolae_overflow_hidden_temple, temple_statues
D:5:      layout_basic, nicolae_qazlal_style_of_elements,
          nemelex_spade_bored_becter, mainiacjoe_overflow_boulevard,
          nzn_random_ring
D:6:      layout_loops_corners, vehumet_statue, serial_shops,
          nicolae_stop_n_shop_1, shop_coins, shop, shop, shop,
          kennysheep_generic_room_4
D:7:      minmay_chambers_of_fours, layout_cave_pods, kennysheep_mini_moat,
          lemuel_crystal_altar, minitemple, enter_bailey_5
D:8:      layout_cave_pools, lemuel_doored_altar, tgw_fedhas, serial_gnoll_camp,
          gnoll_camp_mini_hut, gnoll_camp_mini_hut, gnoll_camp_mini_shop,
          gnoll_camp_mini_basic
D:9:      layout_cave_pools, nicolae_tso_carved_into_rock,
          grunt_temple_overflow_open, david_lair_generic
D:10:     layout_stronghold, lemuel_coloured_pillars_altar, serial_shops,
          nicolae_stop_n_shop_1
D:11:     layout_gridville, gauntlet_entry_generic, gammafunk_ghost_stat_death,
          yredelemnul_forgotten_temple_becter
D:12:     layout_basic, nicolae_ru_the_path_less_chosen, uniq_lodul,
          uniq_josephine
D:13:     layout_roguey, minivault_10
D:14:     layout_rooms, hellmonk_vaults_attempted_burglary, serial_shops,
          nicolae_shop_advertising_works [nicolae_subvault_shop_adworks],
          nicolae_shop_peninsula, nicolae_stop_n_shop_2, shop,
          nicolae_shop_just_a_little_nook, nicolae_trove_entry_isolated,
          grunt_decor_cap, minmay_misc_feat_square, uniq_snorg
D:15:     grunt_enter_depths_snipers, layout_basic, minmay_stone_trees_medium,
          uniq_agnes
Temple:   ebering_the_one_and_only
Lair:1:   layout_big_grid, st_stairs_10, chequers_serial_rivers_micro_d
Lair:2:   layout_chaotic_city, palyth_hydra_swamp_entry,
          guppyfry_snake_entry_island, minivault_24, uniq_sonja, uniq_gastronok,
          uniq_amaemon
Lair:3:   layout_gridlike, chequers_serial_rivers_micro_d,
          chequers_serial_rivers_large_b, lemuel_fruit_tree
Lair:4:   layout_regular_city, minmay_slime_entry_oklob_open,
          nicolae_quartered_pool_impasse, nicolae_lair_time_for_slime
Lair:5:   hangedman_lair_in_review, layout_concentric_octagons,
          hangedman_lair_caniforms_friends, minivault_19
Swamp:1:  layout_basic_swamp, evilmike_swamp_ruin_house_5, swamp_pool_1_2,
          uniq_aizul
Swamp:2:  gammafunk_mikee_crab_dinner, layout_basic_swamp,
          evilmike_swamp_ruin_house_3, hangedman_swamp_pad,
          nicolae_swamp_soggy_hallways, uniq_louise
Swamp:3:  layout_basic_swamp, hangedman_swamp_cone,
          nicolae_swamp_decorative_isthmus
Swamp:4:  swamp_old_school, layout_basic_swamp, ebering_ghost_disaster_area,
          nicolae_swamp_no_escape
Snake:1:  layout_grid_maze, serial_shops, nicolae_shop_scrapyard
Snake:2:  layout_misc_corridors
Snake:3:  layout_rooms, minmay_shop_grid_forest, nicolae_snake_flat_spine
Snake:4:  grunt_snake_rune_serpentine_throne, layout_misc_corridors,
          minmay_shop_star
Slime:1:  cheibrodos_slime_lost_civilization_10, layout_caves,
          nicolae_slime_ancient_tower_intersection,
          cheibrodos_slime_lost_civilization_4
Slime:2:  layout_caves
Slime:3:  layout_caves, uniq_donald
Slime:4:  layout_caves
Slime:5:  slime_pit_nicolae_block_by_block
Orc:1:    layout_caves, basic_altar, uniq_harold
Orc:2:    grunt_orc_tribal_feast, layout_diamond_mine, serial_shops, shop
Elf:1:    eino_elf_arrival_sip, layout_loops_corners, serial_shops,
          nicolae_shop_peninsula, portal_ice_cave_entry_pillars_2,
          nicolae_elf_blasts_and_bolts, orc_legates
Elf:2:    nicolae_elf_blades_crystal_corner, layout_gridlike, serial_shops, shop
Elf:3:    minmay_elf_hall_circle, layout_gridlike, serial_co_window_serial,
          co_window_paths_a, co_window_paths_a, co_window_cross_1,
          co_window_cross_1, co_window_corner_a, co_window_paths_c,
          co_window_broadway_c, co_window_broadway_b,
          co_window_of_opportunity_b, co_window_cross_2, glass_columns_b,
          glass_columns_a, glass_columns_c, uniq_zenata
Vaults:1: nicolae_vaults_hexular_roomagon, ontoclasm_vaults_bender,
          hangedman_vaults_hard_town_square, v_misc_3, nicolae_vaults_rhombus_7,
          nicolae_vaults_sealed_display, nicolae_vaults_bisected_inception,
          nicolae_vaults_network_s, v_misc_24, nicolae_vaults_apartment_2,
          v_misc_1, nicolae_vaults_alarming,
          nicolae_vaults_variable_pillar_hall, nicolae_vaults_trapezoid_2,
          nicolae_vaults_network_star, layout_vaults_ring
Vaults:2: hangedman_vaults_stream, nicolae_vaults_shelves_hall,
          nicolae_vaults_cornered_office, nicolae_vaults_storage_closets_2,
          nicolae_vaults_closet_pinwheel_6, nicolae_vaults_frosty_reception,
          vaults_standard_mumra_lines, vaults_room_pools,
          nicolae_vaults_little_squares_2, nicolae_vaults_asterisk,
          nicolae_vaults_asterisk, vaults_room_pools,
          nicolae_vaults_little_squares_6, layout_vaults_big_cross,
          serial_shops, nicolae_shop_statue_plus, uniq_asterion
Vaults:3: portal_desolation_entry_nicolae_slug,
          nicolae_vaults_taking_the_gang_shopping,
          minmay_crypt_entry_simple_walls, nicolae_vaults_thirteen_compartments,
          v_misc_14, v_misc_11, vaults_dpeg_doors, nicolae_vaults_little_ls,
          nicolae_vaults_more_shelving_2, nicolae_vaults_wrenched,
          nicolae_vaults_little_squares_1, v_misc_30, hangedman_vaults_nodes,
          v_alt_pattern_4, nicolae_vaults_angled_halls, v_misc_17,
          nicolae_vaults_diamond_2, layout_vaults_maze_bifur, serial_shops,
          nicolae_shop_tiny_glass
Vaults:4: serial_library_regret_index_small_wings,
          nicolae_vaults_network_barrier, nicolae_vaults_trapezoid_2,
          hangedman_vaults_pinch, nicolae_vaults_network_quinsquares
          [nicolae_vaults_network_quincunx_subvault,
          nicolae_vaults_network_quincunx_subvault,
          nicolae_vaults_network_quincunx_subvault,
          nicolae_vaults_network_quincunx_subvault], hangedman_vaults_maws,
          nicolae_vaults_trapezoid_2, nicolae_vaults_border_crossing,
          nicolae_vaults_variable_pillar_hall, nicolae_vaults_double_plus_1,
          layout_vaults_quadrants
Crypt:1:  layout_regular_city, moated_statue, uniq_jory, uniq_bai_suzhen
Crypt:2:  layout_catacombs, grunt_megastairs_2
Crypt:3:  grunt_crypt_end_deaths_head, uniq_sojobo, uniq_xtahua
Depths:1: layout_long_grid, rand_demon_pan_entry_5, abyss_entry,
          roderic_lattice_a, hell_entry, minmay_misc_feat_hallway,
          grunt_gozag_breadcrumbs
Depths:2: grunt_house_of_mirrors, layout_twisted_cross, enter_ziggurat_b,
          dreamdust_wishing_well, grunt_pan_entry_zigzag, hell_entry,
          grunt_megastairs_4, uniq_grunn, uniq_mara
Depths:3: minmay_octagon_city, layout_honeycomb, pf_coc_iceberg,
          minmay_crystal_water, grunt_pan_entry_spiral,
          nicolae_abyss_entry_one_way_or_another,
          hangedman_abyss_or_decor_clamps, infiniplex_staircase_spiral,
          uniq_norris
Depths:4: evilmike_zot_entry_diamond, layout_long_grid, hellmouth_3,
          nicolae_the_louvre, serial_bayou_shore_b, serial_bayou_shore_b
Zot:1:    layout_onion_interference, regret_index_zotdec_twisting_globes
Zot:2:    layout_basic, grunt_megastairs_5
Zot:3:    layout_basic, st_stairs_5
Zot:4:    layout_misc_corridors
Zot:5:    layout_misc_corridors

Skill      XL: |  1  2  3  4  5  6  7  8  9 10 11 12 13 14 15 16 17 18 19 20 21 22 23 24 25 26 27 |
---------------+----------------------------------------------------------------------------------+-----
Summonings     | 5 6 7 9 11 13 16 18 20 21 22 24 25 27 | 27.0
Spellcasting   | 3 6 9 10 12 15 16 | 16.5
Air Magic      | 4 6 9 11 14 20 24 | 24.0
Armour         | 3 7 9 12 | 12.0
Fighting       | 3 7 9 12 | 12.0
Dodging        | 3 6 9 12 14 15 17 18 | 18.0
Stealth        | 3 5 9 10 12 | 12.0
Evocations     | 3 |  3.0
Shields        | 4 6 9 11 12 15 16 17 | 17.4
Maces & Flails | 3 9 12 | 12.0
Translocations | 3 6 7 9 11 12 | 12.0
Conjurations   | 3 6 9 |  9.0
Alchemy        | 3 |  3.0
Ice Magic      | 3 |  3.0

Action                     |  1- 3 |  4- 6 |  7- 9 | 10-12 | 13-15 | 16-18 | 19-21 | 22-24 | 25-27 || total
---------------------------+-------+-------+-------+-------+-------+-------+-------+-------+-------++-------
  Melee: Dagger            |    43 |    66 |    40 |       |       |       |       |       |       ||   149
         Kick              |    16 |    23 |    30 |    67 |   123 |   145 |   171 |   205 |   330 ||  1110
         Peck              |    12 |    13 |    19 |    42 |    76 |    89 |   117 |   131 |   220 ||   719
         Spear             |    10 |       |       |       |       |       |       |       |       ||    10
         Whip              |       |       |    58 |    84 |   147 |    89 |   135 |    18 |    46 ||   577
         Falchion          |       |       |       |    73 |    34 |       |       |       |       ||   107
         Mace              |       |       |       |       |    68 |       |    25 |    40 |       ||   133
         Demon whip        |       |       |       |       |     6 |   221 |   121 |       |       ||   348
         Eveningstar       |       |       |       |       |       |       |    70 |   173 |       ||   243
         Morningstar       |       |       |       |       |       |       |       |   111 |   252 ||   363
         Flail             |       |       |       |       |       |       |       |     4 |   239 ||   243
   Cast: Summon Small Mamm |    26 |     9 |     4 |     4 |     4 |       |       |       |       ||    47
         Call Canine Famil |     5 |    16 |     7 |    15 |     2 |     1 |       |       |       ||    46
         Summon Lightning  |       |     3 |    46 |    94 |   139 |    66 |    57 |    42 |    35 ||   482
         Summon Cactus Gia |       |       |       |    21 |    67 |    39 |    49 |     6 |     4 ||   186
         Summon Hydra      |       |       |       |       |    72 |   241 |   305 |   204 |   187 ||  1009
         Monstrous Menager |       |       |       |       |       |    79 |    82 |   239 |   267 ||   667
         Swiftness         |       |       |       |       |       |     3 |     5 |     2 |     6 ||    16
         Airstrike         |       |       |       |       |       |     2 |       |       |       ||     2
         Malign Gateway    |       |       |       |       |       |     1 |    17 |    29 |    34 ||    81
         Summon Horrible T |       |       |       |       |       |       |       |    10 |    15 ||    25
         Freezing Cloud    |       |       |       |       |       |       |       |     3 |     7 ||    10
         Blink             |       |       |       |       |       |       |       |       |     5 ||     5
         Maxwell's Capacit |       |       |       |       |       |       |       |       |     2 ||     2
 Invoke: Call Merchant     |       |       |       |       |     1 |     2 |     1 |     1 |       ||     5
         Bribe Branch      |       |       |       |       |       |       |       |       |     3 ||     3
         Potion Petition   |       |       |       |       |       |       |       |       |     2 ||     2
    Use: Potion            |       |     3 |     1 |     8 |     2 |     5 |     3 |     5 |     9 ||    36
         Scroll            |       |     2 |    14 |    17 |    13 |    13 |    18 |    15 |    12 ||   104
   Stab: Sleeping          |     1 |     3 |     3 |       |       |     1 |     1 |     3 |     1 ||    13
         Distracted        |       |       |     2 |     4 |    18 |    13 |    15 |    34 |    33 ||   119
         Paralysed         |       |       |       |       |       |     1 |     1 |       |     4 ||     6
         Confused          |       |       |       |       |       |       |       |       |     2 ||     2
         Betrayed ally     |       |       |       |       |       |       |       |       |     1 ||     1
 Armour: Robe              |    30 |    35 |    43 |    19 |       |       |       |       |       ||   127
         Ring mail         |       |       |       |   131 |   162 |   296 |   294 |   273 |   300 ||  1456
  Dodge: Dodged            |    40 |    62 |   110 |   233 |   396 |   424 |   606 |   461 |   563 ||  2895
  Block: Buckler           |       |       |       |       |   105 |   148 |   173 |       |       ||   426
         Kite shield       |       |       |       |       |       |       |   125 |   573 |   691 ||  1389
         Reflection        |       |       |       |       |       |       |    23 |    36 |    17 ||    76

Table legend: (Time is in decaauts)
 A = Elapsed time spent in this place.
 B = Non-inter-level travel time spent in this place.
 C = Inter-level travel time spent in this place.
 D = Time resting spent in this place.
 E = Time spent auto-exploring this place.
 F = Levels seen in this place.
 G = Mean time per level.
                   A        B        C        D        E       F      G
               +--------+--------+--------+--------+--------+-----+--------+
         Total |  91297 |  84597 |   6700 |  21735 |  41989 |  60 | 1521.6 |
       Dungeon |  21068 |  18013 |   3055 |   2433 |  11448 |  15 | 1404.5 |
        Temple |      6 |      6 |      0 |      0 |      0 |   1 |    6.0 |
          Lair |   6671 |   5839 |    832 |     13 |   4365 |   5 | 1334.2 |
         Swamp |   5527 |   5185 |    342 |   1365 |   2779 |   4 | 1381.8 |
     Snake Pit |   6964 |   6766 |    198 |   1627 |   3745 |   4 | 1741.0 |
    Slime Pits |   6271 |   6126 |    145 |   1983 |   2918 |   5 | 1254.2 |
  Orcish Mines |   1975 |   1678 |    297 |    413 |    840 |   2 |  987.5 |
   Elven Halls |   8410 |   8018 |    392 |   3306 |   2559 |   3 | 2803.3 |
        Vaults |   9766 |   9208 |    558 |   2378 |   4859 |   4 | 2441.5 |
         Crypt |   6254 |   5916 |    338 |   1485 |   2875 |   3 | 2084.7 |
        Depths |   9941 |   9443 |    498 |   2821 |   4014 |   4 | 2485.2 |
           Zot |   1357 |   1317 |     40 |    428 |     42 |   5 |  271.4 |
         Trove |    105 |    105 |      0 |      0 |      0 |   1 |  105.0 |
        Bailey |    622 |    622 |      0 |    127 |    163 |   1 |  622.0 |
      Ice Cave |   2377 |   2377 |      0 |   1476 |    372 |   1 | 2377.0 |
    Desolation |   2469 |   2469 |      0 |    905 |    866 |   1 | 2469.0 |
      Gauntlet |   1507 |   1507 |      0 |    975 |    143 |   1 | 1507.0 |
               +--------+--------+--------+--------+--------+-----+--------+

Top non-repeatable levels by time:
   Elf:3: 3616 daAuts
Depths:3: 3572 daAuts
Vaults:3: 3025 daAuts
 Snake:4: 3019 daAuts
 Crypt:3: 2949 daAuts
   Elf:2: 2782 daAuts
Vaults:2: 2619 daAuts
 Slime:5: 2593 daAuts
Depths:2: 2503 daAuts
Desolation: 2469 daAuts
     D:5: 2404 daAuts
   IceCv: 2377 daAuts
Depths:4: 2371 daAuts
Vaults:1: 2069 daAuts
Vaults:4: 2050 daAuts
